 Dungeon Crawl Stone Soup version 0.26-a0-546-g3c2127501a (webtiles) character file.

Game seed: 3587745828025420161

217396 MrRokkomies the Tortoise (level 19, -3/116 HPs)
             Began as a Tengu Venom Mage on Aug 18, 2020.
             Was the Champion of Kikubaaqudgha.
             Shot with a bolt by a naga sharpshooter (19 damage)
             ... on level 4 of the Snake Pit on Aug 19, 2020.
             The game lasted 01:42:11 (38819 turns).

MrRokkomies the Tortoise (Tengu Venom Mage)        Turns: 38819, Time: 01:42:12

Health: -3/116     AC: 28    Str: 13    XL:     19   Next: 8%
Magic:  30/33      EV: 21    Int: 22    God:    Kikubaaqudgha [******]
Gold:   2841       SH:  0    Dex: 21    Spells: 2/37 levels left

rFire    + + +     SeeInvis .   a - +12 lance "Wyrmbane" {slay drac, rPois rF+ rC+ AC+3}
rCold    . . .     Faith    .   (no shield)
rNeg     + + .     Spirit   .   o - +5 fire dragon scales
rPois    +         Reflect  .   T - +2 hat
rElec    +         Harm     .   M - +1 cloak {MR+}
rCorr    .                      w - +1 pair of gloves {Str+3}
MR       ++...                  (boots unavailable)
Stlth    +.........             j - amulet "Ojalyst" {Regen+ Int+2}
HPRegen  0.69/turn              J - ring "Enilulut" {Ice rElec rN+ Dex+4}
MPRegen  0.23/turn              D - ring "Unomon" {Fire rN+ Slay+6}

@: lethally poisoned (-3 -> -4), death channel, flying quickly and evasively,
quick
A: beak, talons 3, deterioration 1, able to fly
}: 1/15 runes: decaying
a: Stop Flying, Receive Corpses, Torment, Renounce Religion


You were on level 4 of the Snake Pit.
You worshipped Kikubaaqudgha.
Kikubaaqudgha was exalted by your worship.
You visited 5 branches of the dungeon, and saw 31 of its levels.
You also visited: Gauntlet and Ice Cave.

You collected 3896 gold pieces.
You spent 1055 gold pieces at shops.

Inventory:

Hand Weapons
 a - the +12 lance "Wyrmbane" (weapon) {slay drac, rPois rF+ rC+ AC+3}
   (You found it on level 8 of the Dungeon)

   It affects your AC (+3).
   It protects you from fire.
   It protects you from cold.
   It protects you from poison.
Missiles
 r - 6 curare-tipped darts
 t - 14 boomerangs
 L - 19 javelins (quivered)
Armour
 o - +5 fire dragon scales (worn)
 w - a +1 pair of gloves of strength (worn)
 M - a +1 cloak of magic resistance (worn)
 T - a +2 hat (worn)
Jewellery
 g - an uncursed ring of see invisible
 j - the amulet "Ojalyst" (around neck) {Regen+ Int+2}
   (You bought it in a shop on level 2 of the Orcish Mines)

   [amulet of regeneration]

   It affects your intelligence (+2).
   It increases your rate of regeneration.
 D - the ring "Unomon" (right hand) {Fire rN+ Slay+6}
   (You took it off a minotaur in a Gauntlet)

   [ring of fire]

   It enhances your fire magic.
   It affects your accuracy and damage with ranged weapons and melee attacks
   (+6).
   It protects you from fire.
   It makes you vulnerable to cold.
   It protects you from negative energy.
 J - the ring "Enilulut" (left hand) {Ice rElec rN+ Dex+4}
   (You found it on level 6 of the Lair of Beasts)

   [ring of ice]

   It enhances your ice magic.
   It affects your dexterity (+4).
   It makes you vulnerable to fire.
   It protects you from cold.
   It insulates you from electricity.
   It protects you from negative energy.
 U - an uncursed ring of resist corrosion
 V - an uncursed ring of protection from magic
Wands
 d - a wand of polymorph (24)
 p - a wand of iceblast (60)
 A - a wand of flame (72)
 Q - a wand of digging (4)
 R - a wand of acid (21)
 W - a wand of enslavement (19)
Scrolls
 k - 4 scrolls of enchant weapon
 l - 3 scrolls of enchant armour
 s - 5 scrolls of amnesia
 u - 15 scrolls of teleportation
 x - a scroll of immolation
 y - 3 scrolls of blinking
 B - 8 scrolls of remove curse
 E - 14 scrolls of identify
 F - 4 scrolls of magic mapping
 I - 7 scrolls of fear
 O - 3 scrolls of summoning
 P - a scroll of fog
Potions
 b - 6 potions of brilliance
 c - 6 potions of stabbing
 e - 3 potions of berserk rage
 f - 2 potions of magic
 h - 7 potions of lignification
 i - 7 potions of resistance
 m - a potion of haste
 n - 7 potions of ambrosia
 q - 3 potions of heal wounds
 z - 11 potions of curing
 C - 2 potions of mutation
 S - 2 potions of might
Miscellaneous
 v - a tin of tremorstones (3/3)
 G - a lightning rod (4/4)
 H - a phial of floods
 K - a condenser vane (2/2)
 Z - a phantom mirror


   Skills:
 + Level 12.2 Fighting
 - Level 12.0 Polearms
 - Level 15.0 Armour
 + Level 12.7 Dodging
 - Level 2.0 Stealth
 + Level 9.8 Spellcasting
 - Level 15.0 Necromancy
 - Level 5.0 Translocations
 - Level 4.0 Transmutations
 * Level 4.3 Ice Magic
 - Level 5.0 Air Magic
 * Level 2.0 Earth Magic
 - Level 10.0 Poison Magic
 - Level 10.0 Evocations


You had 2 spell levels left.
You knew the following spells:

 Your Spells              Type           Power        Failure   Level
a - Borgnjor's Vile Clut  Necr/Erth      #####.....   19%         5
b - Poisonous Vapours     Pois/Air       #####.       1%          2
c - Mephitic Cloud        Conj/Pois/Air  ####....     9%          3
d - Ignite Poison         Fire/Tmut/Pois #####...     10%         3
e - Olgreb's Toxic Radia  Pois           ######..     3%          4
f - Simulacrum            Ice/Necr       ######....   54%         6
g - Dispel Undead         Necr           ######..     1%          4
h - Blink                 Tloc           N/A          4%          2
i - Death Channel         Necr           ######....   8%          6

Your spell library contained the following spells:

 Spells                   Type           Power        Failure   Level
 Animate Skeleton         Necr           ######       1%          1
 Pain                     Necr           ####         1%          1
 Sting                    Tmut/Pois      ####         1%          1
 Sublimation of Blood     Necr           ######....   1%          2
 Freeze                   Ice            ####         3%          1
 Sandblast                Erth           ###...       10%         1
 Passwall                 Tmut/Erth      ###.....     10%         2
 Corona                   Hex            ##.....      22%         1
 Foxfire                  Conj/Fire      ###.         22%         1
 Magic Dart               Conj           ##..         22%         1
 Summon Small Mammal      Summ           ##..         22%         1
 Call Imp                 Summ           ##......     34%         2
 Slow                     Hex            ##......     34%         2
 Vampiric Draining        Necr           ######....   1%          3
 Animate Dead             Necr           ######....   1%          4
 Agony                    Necr           ######..     1%          5
 Excruciating Wounds      Necr           ######....   1%          5
 Gell's Gravitas          Tloc           ####......   9%          3
 Lesser Beckoning         Tloc           ####......   9%          3
 Teleport Other           Tloc           ####....     9%          3
 Frozen Ramparts          Ice            #####.       12%         3
 Ozocubu's Armour         Ice            #####...     12%         3
 Portal Projectile        Hex/Tloc       ###...       24%         3
 Stone Arrow              Conj/Erth      ###...       41%         3
 Petrify                  Tmut/Erth      ###.....     54%         4
 Call Canine Familiar     Summ           ##......     56%         3
 Confusing Touch          Hex            ##......     56%         3
 Conjure Flame            Conj/Fire      ###.....     56%         3
 Inner Flame              Hex/Fire       ###.....     56%         3
 Summon Guardian Golem    Hex/Summ       ##......     56%         3
 Summon Lightning Spire   Summ/Air       ###.....     63%         4
 Hailstorm                Conj/Ice       ####....     67%         4
 Summon Ice Beast         Ice/Summ       ####....     67%         4
 Leda's Liquefaction      Hex/Erth       ###.......   83%         4
 Cause Fear               Hex            ##........   92%         4
 Sticky Flame             Conj/Fire      ###.....     92%         4
 Silence                  Hex/Air        ###.......   92%         5
 Lee's Rapid Deconstruct  Erth           ###.......   95%         5
 Metabolic Englaciation   Hex/Ice        ####......   95%         5
 Yara's Violent Unravell  Hex/Tmut       ###.......   95%         5
 Borgnjor's Revivificati  Necr           ######....   97%         8
 Infestation              Necr           ######....   97%         8
 Bolt of Magma            Conj/Fire/Erth ###.......   99%         5
 Fireball                 Conj/Fire      ###.......   99%         5
 Conjure Ball Lightning   Conj/Air       ###.......   100%        6
 Starburst                Conj/Fire      ###.......   100%        6
 Haunt                    Necr/Summ      #####.....   100%        7
 Disjunction              Tloc           ####......   100%        8
 Ignition                 Fire           ###.......   100%        8
 Necromutation            Tmut/Necr      ######....   100%        8
 Death's Door             Necr           ######....   100%        9
 Tornado                  Air            ####......   100%        9


Dungeon Overview and Level Annotations

Branches:
Dungeon (15/15)            Temple (0/1) D:5            Lair (6/6) D:10
  Swamp (4/4) Lair:4        Snake (4/4) Lair:3        Slime (0/5) Lair:5
    Orc (2/2) D:11            Elf (0/3) Orc:2        Vaults (0/5) D:14
 Depths (0/5) D:15          IceCv (visited)         Gauntlet (visited)

Altars:
Ashenzari
Cheibriados
Dithmenos
Elyvilon
Fedhas
Kikubaaqudgha
Nemelex Xobeh
Ru
Uskayaw
Vehumet
Xom
Yredelemnul
The Shining One
Jiyva

Shops:
D:5 =   Orc:1 =?   Orc:2 =*[(:

Annotations:
D:5 exclusion: statue
D:8 2 transporters
D:10 1 runed translucent door, kelmiir's ghost, novice DrIE
D:11 1 runed translucent door, rasy's ghost, journeyman MiFi
Swamp:1 2 runed translucent doors, Karhoi's ghost, journeyman MiBe
Orc:1 exclusion: upstairs


Innate Abilities, Weirdness & Mutations

You have a beak for a mouth.
You have claws for feet.
You can fly continuously.
Your body sometimes deteriorates upon taking damage.


Message History

You feel sick.
Your spectral naga sharpshooter hits the naga sharpshooter but does no damage.
Your spectral naga sharpshooter constricts the naga sharpshooter.
Your spectral naga hits the naga sharpshooter.
Your spectral naga closely misses the naga sharpshooter.
Attack whom?
Press: ? - help, Dir - move target cursor, f/p - naga sharpshooter
Aim: a naga sharpshooter, wielding a +0 halberd, wearing a +0 robe and quivering 12 arrows (severely wounded)
You could not reach far enough!
Your spectral naga ritualist hits the naga sharpshooter.
Your spectral naga ritualist grabs the naga sharpshooter.
Your spectral naga ritualist constricts the naga sharpshooter.
The naga sharpshooter unwields a +0 halberd.
The naga sharpshooter wields a +0 longbow.
The naga sharpshooter shoots an arrow.
The arrow hits your spectral naga!!
The naga sharpshooter mumbles some strange words.
The naga sharpshooter magically shoots a bolt.
The bolt hits you!!
You die...
Kikubaaqudgha rasps: "You have failed me!
Welcome... death!"

**,,,,,+,,,,,,..,...#*,*
*⌠,,,,,+,,****#.,,..#*,#####*
**,,,,,+,** #.,*#.#*.....?*
*,,,,,,*,,* ##.###(##......*
**8,,,,*,.#**#......<.......*
,**,*⌠***,..*#.#...((.......*
,,****##**#.*#.#..()........*
,,,,**#.#*#.##.#.((.........*
*,,,,,...##....#@(..........*
,,,,,,........Z)Z(..........*
**,*****#....ZNN.........<..*
,,,,**###.....(...#.##.#####*
**,,,,........(......#.#
,,,,,,.......(##...#...#
,,,,,,###...#†#....##..#*
,,,,,,...........#.#*#..**
,,,,,,......####.....,,,,**


You could see 2 naga sharpshooters, a friendly spectral naga, a friendly
spectral naga ritualist and a friendly spectral naga sharpshooter.

Vanquished Creatures
  Kirke (Lair:5)
  6 thorn hunters
  Donald (Swamp:1)
  2 nagarajas
  A fire giant (D:15)
  2 frost giants
  Aizul (Snake:2)
  2 vampire knights (Swamp:4)
  A minotaur (Gauntlet)
  Josephine (D:11)
  3 fire dragons
  13 hydras
  9 naga warriors
  3 ghost crabs
  Harold (D:9)
  4 shambling mangroves
  7 centaur warriors
  A catoblepas (Lair:5)
  5 anacondas
  15 two-headed ogres
  A death knight (D:14)
  3 ogre magi
  8 alligators
  A death yak (Lair:6)
  3 tengu warriors
  5 orc high priests
  3 spriggans
  A shock serpent (Snake:2)
  5 naga sharpshooters
  Sonja (Lair:5)
  2 salamander mystics
  An unseen horror (D:14)
  5 spriggan druids
  4 swamp dragons
  A glowing orange brain (D:13)
  3 spectral hydras (Swamp:4)
  A phantasmal warrior (Swamp:4)
  2 flayed ghosts (Swamp:4)
  Pikel (D:7)
  4 naga ritualists
  A deep troll (Orc:1)
  14 ugly things
  10 orc knights
  7 salamanders
  10 mana vipers
  A wolf spider (D:15)
  9 orc sorcerers
  5 cyclopes
  3 deep elf magi
  2 manticores
  4 centaur zombies
  7 elephants (Lair:6)
  An ice statue (IceCv)
  Psyche (D:8)
  33 black mambas
  An eye of devastation (shapeshifter) (D:15)
  5 guardian serpents
  27 cane toads
  8 naga magi
  2 centaur skeletons
  4 demonic crawlers (D:13)
  5 komodo dragons
  6 rime drakes
  A freezing wraith (D:15)
  2 efreet
  2 tengu conjurers
  A death drake zombie (Swamp:4)
  14 polar bears
  A hydra zombie (Swamp:4)
  13 tyrant leeches
  5 trolls
  A hydra skeleton (Swamp:4)
  10 hornets
  25 slime creatures
  23 blink frogs
  15 dream sheep
  11 hippogriffs
  3 bog bodies
  10 flying skulls (Gauntlet)
  11 shadows
  3 small abominations (D:13)
  7 wraiths
  4 wyverns
  4 basilisks
  47 yaks
  37 vampire mosquitoes
  Grum (D:8)
  6 hogs (Lair:5)
  10 insubstantial wisps
  3 wargs (Orc:1)
  21 nagas
  An acid dragon (D:11)
  Duvessa (D:5)
  An acid dragon (shapeshifter) (D:13)
  17 swamp worms
  A floating eye (D:13)
  20 water moccasins
  12 swamp drakes
  8 porcupines
  2 hydra simulacra (Swamp:4)
  38 orc warriors
  5 ice beasts
  A black bear (D:12)
  A swamp dragon zombie (Swamp:4)
  9 sky beasts
  12 ogres
  2 phantoms
  29 wolves
  6 necrophages
  17 centaurs
  12 crocodiles
  A swamp dragon skeleton (Swamp:4)
  2 big kobolds (D:14)
  40 bullfrogs
  Dowan (D:5)
  A water moccasin zombie (D:11)
  A wyvern zombie (D:13)
  4 scorpions
  20 killer bees
  6 wights
  6 howler monkeys
  2 electric eels (Lair:4)
  3 bullfrog zombies
  14 hounds
  36 orc wizards
  33 orc priests
  4 bullfrog skeletons
  2 iguanas
  5 jellies
  Jessica (D:2)
  9 worker ants
  A gnoll shaman (D:10)
  Natasha (thrice) (D:2)
  A killer bee zombie (D:9)
  A hound zombie (D:10)
  2 worker ant zombies
  3 gnolls (D:10)
  A howler monkey skeleton (D:7)
  17 adders
  A shadow imp (D:7)
  3 white imps
  An ufetubus (D:6)
  2 oozes
  2 adder skeletons
  7 worms
  2 dart slugs (D:2)
  6 leopard geckos
  108 orcs
  5 giant cockroaches
  5 hobgoblins
  20 jackals
  2 quokkas
  3 ball pythons
  6 bats
  4 frilled lizards
  4 goblins (D:2)
  A jackal zombie (D:5)
  8 kobolds
  3 quokka skeletons
  A quokka zombie (D:5)
  5 rats
  18 briar patches
1223 creatures vanquished.

Vanquished Creatures (collateral kills)
  Jorgrun (Orc:1)
  A tentacled monstrosity (Swamp:3)
  A hydra skeleton (Swamp:4)
  A hydra (Swamp:4)
  A spectral hydra (Swamp:4)
  3 oklob plants (Swamp:4)
  2 elephants (Lair:6)
  A cane toad (Swamp:3)
  A hydra zombie (Swamp:4)
  A hornet (Swamp:4)
  A blink frog (Lair:6)
  2 death drake zombies (Swamp:4)
  A bog body (Swamp:3)
  A death drake skeleton (Swamp:4)
  2 vampire mosquitoes (Lair:6)
  A naga (Snake:1)
  2 bullfrogs (Lair:6)
  An electric eel (Lair:6)
  A plant (Lair:6)
25 creatures vanquished.

Vanquished Creatures (others)
  A polar bear (IceCv)
  4 briar patches
  14 fungi
  54 plants
73 creatures vanquished.

Grand Total: 1321 creatures vanquished

Notes
Turn   | Place    | Note
-------+----------+-------------------------------------------
     0 | D:1      | MrRokkomies the Tengu Venom Mage began the quest for the
                  | Orb.
     0 | D:1      | Reached XP level 1. HP: 10/10 MP: 4/4
   817 | D:2      | Noticed Natasha
   861 | D:2      | Reached XP level 2. HP: 12/16 MP: 6/6
   872 | D:2      | Learned a level 2 spell: Poisonous Vapours
   959 | D:2      | Found an ancient bone altar of Kikubaaqudgha.
   978 | D:2      | Became a worshipper of Kikubaaqudgha
  1018 | D:2      | Noticed Jessica
  1026 | D:2      | Killed Jessica
  1026 | D:2      | Reached skill level 1 in Fighting
  1026 | D:2      | Reached XP level 3. HP: 20/20 MP: 0/7
  1099 | D:2      | Killed Natasha
  1099 | D:2      | Reached XP level 4. HP: 25/25 MP: 1/8
  1329 | D:2      | Found a basalt altar of Yredelemnul.
  1376 | D:2      | Found a faded altar of an unknown god.
  1415 | D:2      | Noticed Natasha
  1417 | D:2      | Killed Natasha
  1417 | D:2      | Gained mutation: You can fly continuously. [Tengu growth]
  1417 | D:2      | Reached XP level 5. HP: 29/29 MP: 2/9
  1723 | D:2      | Noticed Natasha
  1727 | D:2      | Killed Natasha
  1727 | D:2      | Reached * piety under Kikubaaqudgha
  1858 | D:2      | Found a shimmering altar of Xom.
  1871 | D:2      | Identified Kikubaaqudgha's Papyrus of Sinister Rites
                  | (Kikubaaqudgha gifted it to you on level 2 of the Dungeon)
  1871 | D:2      | Received a gift from Kikubaaqudgha
  2646 | D:3      | Learned a level 3 spell: Mephitic Cloud
  2653 | D:3      | Reached XP level 6. HP: 21/35 MP: 5/11
  2663 | D:3      | Learned a level 3 spell: Ignite Poison
  2855 | D:3      | Found a shattered altar of Ashenzari.
  2943 | D:3      | Found a sacrificial altar of Ru.
  3697 | D:4      | Reached skill level 5 in Poison Magic
  3817 | D:4      | Reached XP level 7. HP: 40/40 MP: 12/12
  4101 | D:4      | Reached skill level 5 in Dodging
  4265 | D:4      | Reached ** piety under Kikubaaqudgha
  4475 | D:4      | Found a snail-covered altar of Cheibriados.
  4611 | D:5      | Entered Level 5 of the Dungeon
  4613 | D:5      | Noticed Dowan
  4658 | D:5      | Noticed Duvessa
  4675 | D:5      | Killed Duvessa
  4680 | D:5      | Killed Dowan
  4870 | D:5      | Found a staircase to the Ecumenical Temple.
  4881 | D:5      | Reached XP level 8. HP: 46/46 MP: 14/14
  5002 | D:5      | Found Vouleig's Jewellery Shop.
  5005 | D:5      | Bought an uncursed ring of see invisible for 165 gold
                  | pieces
  5383 | D:5      | Found a radiant altar of Vehumet.
  5898 | D:6      | Reached *** piety under Kikubaaqudgha
  5898 | D:6      | Identified Kikubaaqudgha's Almanac of Dark Arts
                  | (Kikubaaqudgha gifted it to you on level 6 of the Dungeon)
  5898 | D:6      | Received a gift from Kikubaaqudgha
  5943 | D:6      | Learned a level 4 spell: Olgreb's Toxic Radiance
  6236 | D:6      | Found a blossoming altar of Fedhas.
  6236 | D:6      | Found a sparkling altar of Nemelex Xobeh.
  6376 | D:6      | Noticed a +0 dagger
  6378 | D:6      | Noticed a +0 hand axe
  6417 | D:6      | Found a hide-covered altar of Uskayaw.
  6425 | D:6      | Got a transparent flail
  6426 | D:6      | Identified the cursed +2 flail of Disintegration {freeze,
                  | Int+2 Stlth+} (You found it on level 6 of the Dungeon)
  7059 | D:7      | Reached XP level 9. HP: 52/52 MP: 16/16
  7634 | D:7      | Noticed Pikel
  7645 | D:7      | Killed Pikel
  7645 | D:7      | Reached skill level 5 in Fighting
  8518 | D:8      | Found a transporter.
  8779 | D:8      | Noticed Grum
  8783 | D:8      | Killed Grum
  8783 | D:8      | Reached XP level 10. HP: 60/60 MP: 14/17
  8783 | D:8      | Reached **** piety under Kikubaaqudgha
  8783 | D:8      | Noticed Psyche
  8789 | D:8      | Killed Psyche
  8956 | D:8      | Reached skill level 10 in Dodging
  8957 | D:8      | Found a transporter.
  9127 | D:8      | Noticed Maggie
  9907 | D:8      | Noticed Maggie
  9907 | D:8      | Maggie changed into Maggie the sky beast
  9920 | D:8      | Killed Maggie the sky beast
 10019 | D:9      | Noticed Harold
 10029 | D:9      | Killed Harold
 10188 | D:9      | Reached skill level 10 in Poison Magic
 10229 | D:9      | Noticed a two-headed ogre
 10236 | D:9      | Killed a two-headed ogre
 10569 | D:9      | Noticed a two-headed ogre
 10570 | D:9      | Noticed a two-headed ogre
 10613 | D:9      | Killed a two-headed ogre
 10613 | D:9      | Reached XP level 11. HP: 39/67 MP: 11/18
 10614 | D:9      | Killed a two-headed ogre
 10614 | D:9      | Reached skill level 5 in Air Magic
 10964 | D:9      | Reached skill level 5 in Armour
 10964 | D:9      | Reached skill level 1 in Transmutations
 10969 | D:9      | Reached skill level 1 in Polearms
 11194 | D:9      | Identified a scroll of acquirement
 11194 | D:9      | Acquired a book of the Sky
 11715 | D:10     | Entered Level 10 of the Dungeon
 11716 | D:10     | Found a runed translucent door.
 11722 | D:10     | Noticed kelmiir's ghost (novice DrIE)
 12001 | D:10     | Reached ***** piety under Kikubaaqudgha
 12027 | D:10     | Found a staircase to the Lair.
 12029 | D:10     | Noticed a fire dragon
 12045 | D:10     | Killed a fire dragon
 12465 | D:10     | Noticed a centaur warrior
 12472 | D:10     | Killed a centaur warrior
 12879 | D:11     | Found a staircase to the Orcish Mines.
 12885 | Orc:1    | Entered Level 1 of the Orcish Mines
 12942 | Orc:1    | Noticed an orc knight
 12945 | Orc:1    | Noticed a deep troll
 12946 | Orc:1    | Noticed an orc high priest
 12947 | Orc:1    | Noticed an orc knight
 12948 | Orc:1    | Noticed an orc knight
 12951 | Orc:1    | Killed an orc knight
 12951 | Orc:1    | Reached skill level 5 in Polearms
 12956 | Orc:1    | Noticed an orc sorcerer
 12973 | Orc:1    | Killed an orc knight
 12973 | Orc:1    | Reached XP level 12. HP: 68/74 MP: 5/19
 12979 | Orc:1    | Learned a level 4 spell: Animate Dead
 12986 | Orc:1    | Noticed a soul eater
 13242 | Orc:1    | Found Rasedod's Jewellery Shoppe.
 13243 | Orc:1    | Found Wuuny's Magic Scroll Shop.
 13295 | Orc:1    | Noticed Jorgrun
 13499 | Lair:1   | Entered Level 1 of the Lair of Beasts
 13564 | Lair:1   | Reached skill level 5 in Spellcasting
 13958 | Lair:1   | You are sucked into a shaft and drop 1 floor!
 14615 | Lair:2   | Reached ****** piety under Kikubaaqudgha
 15532 | Lair:3   | Found a gate leading to a gauntlet.
 15541 | Gauntlet | Entered a Gauntlet
 15541 | Gauntlet | Found a transporter.
 15541 | Gauntlet | Found a transporter.
 15543 | Gauntlet | Noticed a tengu warrior
 15554 | Gauntlet | Found a transporter.
 15572 | Gauntlet | Found a transporter.
 15572 | Gauntlet | Found a transporter.
 15572 | Gauntlet | Found a transporter.
 15575 | Gauntlet | Found a transporter.
 15575 | Gauntlet | Found a transporter.
 15588 | Gauntlet | Found a transporter.
 15605 | Gauntlet | Found a transporter.
 15609 | Gauntlet | Found a runed translucent door.
 15616 | Gauntlet | Found a transporter.
 15618 | Gauntlet | Noticed a catoblepas
 15631 | Gauntlet | Found a transporter.
 15651 | Gauntlet | Found a transporter.
 15665 | Gauntlet | Found a transporter.
 15712 | Gauntlet | Killed a tengu warrior
 15716 | Gauntlet | Identified Vulait's Catalogue of Earthen Stolen Souls
 15739 | Gauntlet | Reached XP level 13. HP: 66/80 MP: 23/23
 16192 | Gauntlet | Identified the ring "Unomon" {Fire rN+ Slay+6}
 16192 | Gauntlet | Noticed a minotaur
 16212 | Gauntlet | Killed a minotaur
 16212 | Gauntlet | Reached skill level 10 in Polearms
 16380 | Lair:3   | Reached skill level 10 in Fighting
 16462 | Lair:3   | Learned a level 4 spell: Dispel Undead
 16465 | Lair:3   | Learned a level 2 spell: Blink
 16562 | Lair:3   | Reached skill level 1 in Necromancy
 16705 | Lair:3   | Found a staircase to the Snake Pit.
 16991 | Lair:4   | Reached skill level 1 in Evocations
 17256 | Lair:4   | Found a staircase to the Swamp.
 17614 | Lair:4   | Received a gift from Kikubaaqudgha
 18174 | Lair:5   | Found a frozen archway.
 18194 | IceCv    | Entered an ice cave
 18233 | IceCv    | Upgraded the game from 0.26-a0-542-gbaa144ba5c to
                  | 0.26-a0-546-g3c2127501a
 18689 | IceCv    | Reached skill level 5 in Necromancy
 18980 | IceCv    | Reached XP level 14. HP: 72/88 MP: 24/24
 19307 | IceCv    | Noticed a frost giant
 19314 | IceCv    | Killed a frost giant
 19372 | IceCv    | Got a scorched fustibalus
 19374 | IceCv    | Got a wavering pewter ring
 19591 | IceCv    | Identified the +4 fustibalus "Irgheol" {vorpal, rPois rF+
                  | Int+5} (You found it in an ice cave)
 19600 | Lair:5   | Identified the ring of Omufyrorgh {Ice *Drain rN+ Str+5}
                  | (You found it in an ice cave)
 19709 | Lair:5   | Found a viscous altar of Jiyva.
 19709 | Lair:5   | Found a staircase to the Slime Pits.
 19727 | Lair:5   | Noticed Sonja
 19733 | Lair:5   | Killed Sonja
 19983 | Lair:5   | Noticed Kirke
 19995 | Lair:5   | Killed Kirke
 20562 | Lair:6   | Entered Level 6 of the Lair of Beasts
 20836 | Lair:6   | Reached skill level 5 in Evocations
 21158 | Lair:6   | Reached skill level 10 in Armour
 21225 | Lair:6   | Got a transparent bone ring
 21356 | Lair:6   | Reached XP level 15. HP: 44/92 MP: 20/25
 22392 | Orc:1    | Killed Jorgrun
 22392 | Orc:1    | Reached skill level 10 in Necromancy
 22683 | Orc:1    | Bought a scroll of enchant armour for 112 gold pieces
 23091 | Orc:2    | Entered Level 2 of the Orcish Mines
 23154 | Orc:2    | Found a staircase to the Elven Halls.
 23260 | Orc:2    | Found Kaximuyh's Book Boutique.
 23432 | Orc:2    | Noticed an orc warlord
 23440 | Orc:2    | Noticed a frost giant
 23440 | Orc:2    | an orc warlord changed into a frost giant
 23446 | Orc:2    | Killed a frost giant
 24738 | Orc:2    | Found Quiklusa's Antique Armour Emporium.
 24739 | Orc:2    | Found Rahoengih's Antique Weapon Shoppe.
 24740 | Orc:2    | Found Jigyhif's General Store.
 24740 | Orc:2    | Found Atross's Jewellery Emporium.
 24754 | Orc:2    | Bought a pair of glowing gloves for 202 gold pieces
 24767 | Orc:2    | Identified the ring "Enilulut" {Ice rElec rN+ Dex+4} (You
                  | found it on level 6 of the Lair of Beasts)
 24804 | Orc:2    | Bought the amulet "Ojalyst" {Regen+ Int+2} for 576 gold
                  | pieces
 25339 | D:11     | Found a runed translucent door.
 25340 | D:11     | Noticed rasy's ghost (journeyman MiFi)
 25559 | D:11     | Noticed Josephine
 25573 | D:11     | Killed Josephine
 26896 | D:13     | Reached XP level 16. HP: 97/97 MP: 26/26
 27541 | D:13     | Identified the Grimoire of Flames and the Compass
 28027 | D:14     | Found a shattered altar of Ashenzari.
 28036 | D:14     | Found a shimmering altar of Xom.
 28036 | D:14     | Found a glowing golden altar of the Shining One.
 28036 | D:14     | Found a white marble altar of Elyvilon.
 28162 | D:14     | Learned a level 5 spell: Borgnjor's Vile Clutch
 28727 | D:14     | Found a shadowy altar of Dithmenos.
 28748 | D:14     | Found a gate to the Vaults.
 28934 | D:15     | Entered Level 15 of the Dungeon
 28946 | D:15     | Found a staircase to the Depths.
 29089 | D:15     | Found a sparkling altar of Nemelex Xobeh.
 29104 | D:15     | Acquired a +1 cloak of magic resistance
 29377 | D:15     | Found a shadowy altar of Dithmenos.
 29482 | D:15     | Gained mutation: Your body sometimes deteriorates upon
                  | taking damage. [a shining eye]
 30163 | Swamp:1  | Entered Level 1 of the Swamp
 30202 | Swamp:1  | Reached XP level 17. HP: 102/102 MP: 28/28
 30691 | Swamp:1  | Noticed Donald
 30709 | Swamp:1  | Killed Donald
 30826 | Swamp:1  | Found a large runed translucent door.
 30827 | Swamp:1  | Found a large runed translucent door.
 30829 | Swamp:1  | Noticed Karhoi's ghost (journeyman MiBe)
 31932 | Swamp:3  | Noticed a tentacled monstrosity
 31944 | Swamp:3  | Killed a tentacled monstrosity
 32028 | Swamp:3  | Reached skill level 15 in Armour
 32473 | Swamp:3  | Reached skill level 10 in Evocations
 32827 | Swamp:4  | Entered Level 4 of the Swamp
 32845 | Swamp:3  | Reached skill level 1 in Translocations
 33141 | Swamp:4  | Reached skill level 15 in Necromancy
 33498 | Swamp:4  | Reached XP level 18. HP: 20/108 MP: 16/31
 34379 | Swamp:4  | Found a blossoming altar of Fedhas.
 34386 | Swamp:4  | Found a basalt altar of Yredelemnul.
 34755 | Swamp:4  | Got a decaying rune of Zot
 34894 | Snake:1  | Entered Level 1 of the Snake Pit
 35151 | Snake:1  | Reached skill level 5 in Translocations
 35229 | Snake:1  | Learned a level 6 spell: Death Channel
 36138 | Snake:2  | Learned a level 6 spell: Simulacrum
 36276 | Snake:2  | Reached skill level 1 in Ice Magic
 36518 | Snake:2  | Noticed Aizul
 36562 | Snake:2  | Killed Aizul
 38048 | Snake:3  | Reached skill level 1 in Earth Magic
 38524 | Snake:3  | Reached XP level 19. HP: 108/116 MP: 33/33
 38613 | Snake:4  | Entered Level 4 of the Snake Pit
 38819 | Snake:4  | Shot with a bolt by a naga sharpshooter

Illustrated notes

Levels and vault maps discovered:
D:1:      minmay_arrival_shoal_huts, layout_basic, serial_bayou_pond_d
D:2:      layout_basic, lemuel_crystal_altar, lemuel_crystal_altar, tgw_xom,
          chequers_ecumenical_altar_island, fountainhead, uniq_natasha,
          uniq_jessica
D:3:      layout_loops_ring, ashenzari_altar_1, hangedman_decor_peaks_small,
          nicolae_ru_path_of_blood
D:4:      kennysheep_six_static_rooms, layout_basic,
          lemuel_coloured_pillars_altar
D:5:      layout_basic, vehumet_statue, minmay_temple_entry_waves,
          portal_sewer_entry_e, serial_shops, nicolae_shop_crystal, uniq_duvessa
D:6:      layout_loops_ring, gammafunk_temple_overflow_pools,
          dancing_weapons_uskayaw
D:7:      minmay_s_stair_smasher, layout_loops_corners, lightli_corner_chamber,
          uniq_pikel
D:8:      gammafunk_cloud_chamber, layout_basic, uniq_psyche, uniq_maggie,
          uniq_grum
D:9:      minmay_chambers_of_sixes, layout_basic, uniq_harold
D:10:     wad_guarded_room, layout_long_grid, minmay_lair_entry_lava,
          ebering_ghost_reflecting_pool, minmay_misc_feat_x, eino_jars
D:11:     layout_stronghold, orc_0_dummy, ebering_ghost_inner_flame,
          uniq_josephine
D:12:     layout_gridville
D:13:     cheibrodos_hippocracy, layout_basic, hex_tiny, grunt_decor_one_mirror
D:14:     minmay_the_grid_octo_tiled_squarecenter [minmay_the_grid_octo_focus,
          minmay_the_grid_octo_vomiting_pacman, minmay_the_grid_octo_shrine,
          minmay_the_grid_octo_empty,
          minmay_the_grid_square_5x5_megaprize_checkered,
          minmay_the_grid_square_5x5_shuriken,
          minmay_the_grid_square_5x5_moneybag, minmay_the_grid_square_5x5_seven,
          minmay_the_grid_square_5x5_checkered], layout_irregular_city,
          david_vaults_2, serial_bayou_pond_d
D:15:     grunt_enter_depths_giant_problem, layout_stronghold,
          grunt_dithmenos_shadows, hangedman_decor_points,
          nemelex_diamond_rough_becter
Lair:1:   layout_roguey, nzn_random_ring, infiniplex_staircase_pool
Lair:2:   layout_hall_layers
Lair:3:   layout_loops_ring, guppyfry_snake_entry_island,
          gauntlet_entry_generic, grunt_megastairs_3, serial_bayou_shore_b
Lair:4:   layout_cave_pods, swamp_mist, grunt_megastairs_4,
          serial_bayou_shore_b, serial_bayou_shore_a,
          infiniplex_staircase_pool_2
Lair:5:   beast_lair_carwin_large_3, layout_regular_city,
          dpeg_slime_entry_enclosed_altar, portal_ice_cave_rime, uniq_sonja,
          uniq_kirke
Lair:6:   minmay_lair_end_frog_pond, layout_long_grid, st_stairs_11,
          minmay_stone_trees_small
Swamp:1:  layout_basic_swamp, ebering_ghost_disaster_area, serial_swamp_ruin,
          evilmike_swamp_ruin_rubble_2, evilmike_swamp_ruin_house_4,
          evilmike_swamp_ruin_house_2, roderic_carrion_pond, uniq_donald
Swamp:2:  layout_falls_marsh, evilmike_swamp_ruin_rubble_1,
          nicolae_swamp_fairy_circle
Swamp:3:  layout_basic_swamp, evilmike_swamp_ruin_wall, swamp_pool3
Swamp:4:  byrel_swamp_growth_death_and_undeath, layout_basic_swamp
Snake:1:  layout_basic
Snake:2:  layout_chambers, uniq_aizul
Snake:3:  layout_basic, drop_trap
Snake:4:  johnstein_snake_rune_scales, layout_rooms, serial_shops,
          nicolae_shop_overgrown_old_shop, gammafunk_ghost_cemetery
Orc:1:    layout_caves, guppyfry_orc_lava_fort, uniq_jorgrun
Orc:2:    st_orc_congregation, layout_diamond_mine, serial_shops, shop

Skill      XL: |  1  2  3  4  5  6  7  8  9 10 11 12 13 14 15 16 17 18 19 |
---------------+----------------------------------------------------------+-----
Fighting       | 1 2 3 4 5 7 8 9 10 12 | 12.2
Dodging        | 3 4 5 7 9 10 11 12 | 12.7
Poison Magic   | 4 5 7 9 10 | 10.0
Spellcasting   | 3 4 6 7 8 9 |  9.8
Armour         | 4 6 8 10 12 14 15 | 15.0
Air Magic      | 4 5 |  5.0
Transmutations | 4 |  4.0
Polearms       | 5 8 11 12 | 12.0
Necromancy     | 5 9 12 13 15 | 15.0
Evocations     | 3 5 7 9 10 | 10.0
Translocations | 3 5 |  5.0
Ice Magic      | 4 |  4.3
Earth Magic    | 1 2 |  2.0
Stealth        | |  2.0

Action                   |  1- 3 |  4- 6 |  7- 9 | 10-12 | 13-15 | 16-18 | 19-21 || total
-------------------------+-------+-------+-------+-------+-------+-------+-------++-------
Melee: Unarmed           |     5 |       |       |       |       |       |       ||     5
       Dagger            |     8 |       |       |       |       |       |       ||     8
       Peck              |     3 |    21 |    38 |    65 |   172 |   347 |     8 ||   654
       Kick              |     4 |    27 |    61 |   115 |   301 |   565 |    17 ||  1090
       Spear             |       |   168 |    71 |       |       |       |       ||   239
       Short sword       |       |       |   101 |       |       |       |       ||   101
       Flail             |       |       |   107 |    93 |       |       |       ||   200
       Lance             |       |       |       |   390 |  1173 |  1784 |    77 ||  3424
 Cast: Sting             |    12 |    27 |    13 |     4 |       |       |       ||    56
       Poisonous Vapours |     4 |    15 |    38 |    22 |     9 |       |       ||    88
       Ignite Poison     |       |       |     6 |    19 |    28 |    23 |       ||    76
       Mephitic Cloud    |       |       |     4 |     8 |    11 |    15 |       ||    38
       Olgreb's Toxic Ra |       |       |     4 |    36 |    39 |    15 |       ||    94
       Animate Dead      |       |       |       |       |    13 |    11 |       ||    24
       Dispel Undead     |       |       |       |       |       |    10 |       ||    10
       Blink             |       |       |       |       |       |     1 |       ||     1
       Death Channel     |       |       |       |       |       |       |     2 ||     2
Invok: Receive Necronomi |       |       |       |       |     1 |       |       ||     1
       Receive Corpses   |       |       |       |       |       |     4 |       ||     4
 Abil: Fly               |       |     1 |       |       |       |       |       ||     1
Evoke: Wand              |       |       |       |     1 |     2 |     1 |       ||     4
       Tin of tremorston |       |       |       |       |       |     1 |       ||     1
  Use: Scroll            |     8 |     2 |    12 |     6 |    19 |     7 |     1 ||    55
       Potion            |       |       |       |     3 |     4 |     4 |     2 ||    13
 Stab: Sleeping          |     2 |     7 |    10 |     4 |     1 |       |       ||    24
       Distracted        |       |     1 |       |     2 |     4 |     4 |       ||    11
       Confused          |       |       |     3 |     4 |       |       |       ||     7
Armor: Robe              |     1 |    17 |    46 |     2 |       |       |       ||    66
       Swamp dragon scal |       |       |       |    79 |    63 |       |       ||   142
       Skin              |       |       |       |       |    85 |       |       ||    85
       Fire dragon scale |       |       |       |       |   129 |   438 |    26 ||   593
Dodge: Dodged            |     9 |   121 |   315 |   373 |   505 |   926 |    41 ||  2290
       Repelled          |       |       |       |       |     6 |     5 |       ||    11

Table legend: (Time is in decaauts)
 A = Elapsed time spent in this place.
 B = Non-inter-level travel time spent in this place.
 C = Inter-level travel time spent in this place.
 D = Time resting spent in this place.
 E = Time spent auto-exploring this place.
 F = Levels seen in this place.
 G = Mean time per level.
                   A        B        C        D        E       F      G
               +--------+--------+--------+--------+--------+-----+--------+
         Total |  35462 |  34379 |   1083 |   4557 |  23510 |  33 | 1074.6 |
       Dungeon |  17146 |  16745 |    401 |   1554 |  12425 |  15 | 1143.1 |
          Lair |   6130 |   5843 |    287 |    252 |   4653 |   6 | 1021.7 |
         Swamp |   4099 |   3955 |    144 |    872 |   2180 |   4 | 1024.8 |
     Snake Pit |   3408 |   3257 |    151 |    483 |   2169 |   4 |  852.0 |
  Orcish Mines |   2745 |   2645 |    100 |    829 |   1265 |   2 | 1372.5 |
      Ice Cave |   1272 |   1272 |      0 |    303 |    687 |   1 | 1272.0 |
      Gauntlet |    660 |    660 |      0 |    262 |    128 |   1 |  660.0 |
               +--------+--------+--------+--------+--------+-----+--------+

Top non-repeatable levels by time:
   Orc:1: 1778 daAuts
     D:9: 1670 daAuts
 Snake:2: 1539 daAuts
  Lair:6: 1515 daAuts
     D:8: 1432 daAuts
     D:7: 1398 daAuts
 Swamp:3: 1364 daAuts
     D:3: 1355 daAuts
     D:2: 1317 daAuts
   IceCv: 1272 daAuts
 Swamp:4: 1255 daAuts
     D:5: 1232 daAuts
    D:10: 1134 daAuts
     D:6: 1112 daAuts
  Lair:4: 1089 daAuts
